 Dungeon Crawl Stone Soup version 0.25.0-26-g0c896c7088 (webtiles) character file.

Game seed: 13881730147011256615

103 mortelune the Slasher (level 4, -1/37 HPs)
             Began as a Demonspawn Chaos Knight on July 4, 2020.
             Was a Plaything of Xom.
             Killed from afar by Ijyb (16 damage)
             ... with a bolt of acid
             ... on level 3 of the Dungeon.
             The game lasted 00:04:20 (2415 turns).

mortelune the Slasher (Demonspawn Chaos Knight)     Turns: 2415, Time: 00:04:21

Health: -1/37      AC: 10    Str: 13      XL:     4   Next: 51%
Magic:  4/4        EV:  6    Int: 13 (14) God:    Xom [....*.]
Gold:   65         SH:  0    Dex: 12      Spells: 3/3 levels left

rFire    . . .     SeeInvis +   a - +0 falchion (chaos)
rCold    . . .     Gourm    .   (no shield)
rNeg     . . .     Faith    .   d - +0 chain mail (curse)
rPois    .         Spirit   .   (no helmet)
rElec    .         Reflect  .   (no cloak)
rCorr    .         Harm     .   (no gloves)
MR       .....                  (no boots)
Stlth    ..........             (no amulet)
HPRegen  0.12/turn              S - ring of see invisible
MPRegen  0.09/turn              (no ring)

@: no status effects
A: claws 1, slimy green scales 1, powered by death 1
a: Renounce Religion


You were on level 3 of the Dungeon.
You worshipped Xom.
You were a beloved toy of Xom.
You were not hungry.

You visited 1 branch of the dungeon, and saw 3 of its levels.

You collected 65 gold pieces.

Inventory:

Hand Weapons
 a - a +0 falchion of chaos (weapon)
 k - a +0 morningstar
Missiles
 Q - 52 stones (quivered)
Armour
 b - a +2 leather armour
 d - a cursed +0 chain mail (worn)
 l - a +0 chain mail of cold resistance
Jewellery
 S - a ring of see invisible (left claw)
Scrolls
 e - a scroll of fog {unknown}
 g - a scroll of enchant weapon {unknown}
 i - 3 scrolls of identify
Potions
 h - a potion of lignification {unknown}
 j - a potion of cancellation
Comestibles
 c - 3 chunks of flesh
 f - a ration


   Skills:
 + Level 3.7 Fighting
 * Level 3.9 Long Blades
 - Level 1.7 Armour
 + Level 2.0 Dodging


You had 3 spell levels left.
You didn't know any spells.
Your spell library was empty.

Dungeon Overview and Level Annotations

Branches:
Dungeon (3/15)

Altars:
Xom
The Shining One

Annotations:
D:3 Ijyb


Innate Abilities, Weirdness & Mutations

You have sharp fingernails.
You are partially covered in slimy green scales. (AC +2)
You regenerate a little health from kills.


Message History

You closely miss Ijyb. Ijyb hits you but does no damage.
You hit Ijyb. You freeze Ijyb.
Ijyb is moderately wounded.
Ijyb hits you but does no damage.
You hit Ijyb but do no damage.
Ijyb is moderately wounded.
Ijyb hits you but does no damage.
You hit Ijyb. You freeze Ijyb.
Ijyb is heavily wounded.
Ijyb hits you. Ijyb hits you but does no damage.
You hit Ijyb but do no damage.
Ijyb is heavily wounded.
Ijyb hits you but does no damage.
You hit Ijyb but do no damage.
Ijyb is heavily wounded.
Ijyb hits you but does no damage.
You hit Ijyb but do no damage. Lightning courses through Ijyb!
Ijyb is severely wounded.
Ijyb zaps a wand.
The bolt of acid hits you!
You die...

#######.# ...
####.##### ##
#........#
#....###.# ######
#......# ......
#......# #......
#......# .......
#......###g......
#........@.......
#.....######+###.
#####.# #.# #. #.
##


You could see Ijyb.

Vanquished Creatures
  3 adders
  2 oozes
  2 worms (D:2)
  2 leopard geckos (D:1)
  An orc (D:3)
  2 giant cockroaches (D:1)
  7 goblins
  6 hobgoblins
  7 jackals
  5 kobolds
  2 ball pythons
  8 bats
  A frilled lizard (D:1)
  10 rats
58 creatures vanquished.

Notes
Turn   | Place    | Note
-------+----------+-------------------------------------------
     0 | D:1      | mortelune the Demonspawn Chaos Knight began the quest for
                  | the Orb.
     0 | D:1      | Reached XP level 1. HP: 18/18 MP: 1/1
    25 | D:1      | XOM: butterfly on damage
    28 | D:1      | Reached skill level 1 in Dodging
   224 | D:1      | XOM: divination: detect items
   360 | D:1      | Gained mutation: You are partially covered in slimy green
                  | scales. (AC +2) [demonic ancestry]
   360 | D:1      | Reached XP level 2. HP: 24/24 MP: 2/2
   673 | D:1      | Gained mutation: You have sharp fingernails. [demonic
                  | ancestry]
   673 | D:1      | Reached XP level 3. HP: 29/29 MP: 3/3
   815 | D:1      | You fall into a shaft and drop 1 floor!
   958 | D:2      | XOM: divination: detect items
  1376 | D:1      | XOM: summons 2 hostile demons
  1442 | D:1      | XOM: divination: detect creatures
  1502 | D:1      | XOM: scenery: create altars
  1614 | D:2      | XOM: smoke on damage
  1629 | D:2      | Gained mutation: You regenerate a little health from kills.
                  | [demonic ancestry]
  1629 | D:2      | Reached XP level 4. HP: 25/35 MP: 4/4
  1678 | D:2      | XOM: 1-stop teleportation journey
  1879 | D:2      | XOM: 1-stop teleportation journey
  1972 | D:2      | XOM: stat loss: -1 Int (13/14)
  2132 | D:2      | Found a glowing golden altar of the Shining One.
  2406 | D:3      | Noticed Ijyb
  2415 | D:3      | Killed from afar by Ijyb

Illustrated notes

Levels and vault maps discovered:
D:1:      lightli_arrival_statuegarden, layout_rooms
D:2:      layout_rooms, nicolae_tso_carved_into_rock, minmay_misc_feat_x,
          minmay_pentomino_v4
D:3:      layout_basic, old_standard_altar, minmay_misc_feat_five,
          minmay_increasing_density, uniq_ijyb

Skill      XL: |  1  2  3  4 |
---------------+-------------+-----
Dodging        | 1 2 |  2.0
Long Blades    | 3 |  3.9
Fighting       | |  3.7
Armour         | |  1.7

Action                   |  1- 3 |  4- 6 || total
-------------------------+-------+-------++-------
Melee: Falchion          |   117 |    79 ||   196
  Use: Scroll            |     2 |       ||     2
       Potion            |       |     1 ||     1
 Stab: Paralysed         |     1 |       ||     1
  Eat: Chunk             |     1 |     1 ||     2
       Ration            |       |     1 ||     1
Armor: Leather armour    |    19 |       ||    19
       Chain mail        |   111 |    56 ||   167
Dodge: Dodged            |    75 |    31 ||   106
       Rpst.: Falchion   |    19 |    13 ||    32
